Map: Dusk Towers

Players

Miszu - Winner!

  • Race: Terran Terran
  • League: Master

Gigi

  • Race: Zerg Zerg
  • League: Master

VOD

Have the link to the VOD?

Description

Time

  • Played on: July 1, 2016, 12:18 p.m.
  • Length: 6:22
Show
View Real Time Build Order
Export as new Build Order

Miszu Terran - Winner!

Build Orders: Reaper Expand 

Get SALT Encoding   

  12  0:00  SCV  
  14  0:14  SCV  
  14  0:17  Supply Depot  
  14  0:26  SCV  
  15  0:38  SCV  
  15  0:40  Barracks  
  16  0:44  Refinery  
  16  0:51  SCV  
  17  1:05  SCV  
  18  1:17  SCV  
  19  1:28  Reaper  
  19  1:31  Orbital Command  
  19  1:41  Command Center  
  19  1:55  Supply Depot  
  19  1:57  SCV  
  20  2:01  Barracks Reactor  
  20  2:06  Refinery  
  20  2:09  SCV  
  21  2:21  SCV  
  22  2:23  Factory  
  22  2:33  SCV  
  23  2:38  Marine  
  24  2:45  SCV  
  24  2:48  Marine  
  26  2:56  Marine  
  26  2:57  SCV  
  28  3:05  Orbital Command  
  28  3:06  Marine  
  28  3:11  Starport  
  29  3:14  Marine, Factory Reactor  
  29  3:15  SCV  
  31  3:24  Marine  
  32  3:27  SCV  
  32  3:32  Marine  
  34  3:35  SCV  
  34  3:40  Supply Depot, SCV  
  36  3:42  Marine  
  36  3:47  SCV  
  38  3:49  Marine  
  38  3:52  SCV  
  38  3:55  Medivac x2, Widow Mine  
  42  4:02  Supply Depot, SCV  
  47  4:04  SCV  
  47  4:08  Marine x2, Liberator  
  50  4:14  SCV, Liberator  
  50  4:16  SCV  
  52  4:25  Supply Depot  
  52  4:26  SCV  
  56  4:32  SCV  
  56  4:34  Refinery  
  56  4:38  SCV  
  61  4:39  Command Center  
  61  4:44  SCV  
  62  4:49  Refinery  
  62  4:50  Supply Depot, Refinery, SCV  
  63  4:52  Factory Tech Lab  
  63  4:56  SCV  
  62  5:12  SCV x2  
  61  5:16  Marine x2  
  63  5:24  Engineering Bay x2, SCV  
  63  5:25  SCV  
  63  5:26  Supply Depot  
  63  5:27  Barracks  
  63  5:28  Siege Tank, Barracks  
  68  5:36  SCV  
  68  5:37  SCV  
  68  5:44  Marine x2  
  68  5:48  SCV  
  71  5:58  SCV  
  75  6:07  SCV  
  75  6:09  Barracks  
  75  6:10  Barracks  
Show
View Real Time Build Order
Export as new Build Order

Gigi Zerg 

Build Orders: 3 Hatch before Pool 

Get SALT Encoding   

  12  0:00  Drone  
  13  0:13  Overlord  
  13  0:18  Drone  
  14  0:24  Extractor, Drone  
  15  0:31  Drone  
  15  0:35  Drone  
  17  0:56  Drone  
  18  0:57  Hatchery  
  17  1:16  Hatchery  
  16  1:20  Drone  
  17  1:39  Spawning Pool  
  17  1:40  Drone  
  17  1:42  Drone  
  17  1:44  Drone  
  19  2:00  Drone  
  20  2:02  Drone  
  21  2:11  Drone  
  21  2:13  Drone  
  22  2:25  Drone  
  23  2:31  Zergling x2  
  23  2:32  Zergling x4  
  23  2:34  Extractor  
  23  2:37  Drone  
  26  2:44  Drone  
  26  2:45  Drone  
  26  2:47  Drone  
  28  2:58  Drone  
  28  2:59  Drone  
  28  3:04  Drone  
  28  3:05  Drone  
  31  3:06  Drone x2  
  31  3:11  Overlord  
  33  3:14  Drone  
  34  3:29  Queen x3  
  34  3:31  Drone  
  40  3:35  Drone  
  40  3:38  Overlord  
  41  3:44  Metabolic Boost  
  41  3:48  Overlord  
  41  3:49  Overlord x2, Extractor  
  41  3:50  Overlord  
  41  3:52  Overlord x2  
  41  3:54  Drone  
  41  3:57  Drone x2  
  41  4:01  Drone  
  44  4:05  Drone  
  45  4:13  Drone x2  
  47  4:18  Drone  
  47  4:20  Drone  
  47  4:23  Drone  
  50  4:28  Pneumatized Carapace  
  50  4:29  Drone x2  
  52  4:33  Extractor  
  52  4:34  Drone  
  52  4:37  Zergling x2  
  52  4:38  Zergling x6  
  56  4:39  Zergling x4  
  56  4:42  Extractor  
  56  4:44  Zergling x6  
  56  4:45  Zergling x4  
  62  4:50  Baneling Nest, Drone x2  
  62  5:05  Zergling x8  
  59  5:11  Spore Crawler  
  59  5:13  Overlord  
  57  5:14  Drone  
  57  5:16  Lair  
  57  5:20  Drone x8  
  66  5:22  Drone  
  66  5:23  Drone  
  66  5:35  Drone x2  
  66  5:36  Drone  
  61  5:58  Spore Crawler  
  61  5:59  Spore Crawler  
  61  6:00  Drone, Spore Crawler  
  53  6:05  Drone  
Tags
 
Add a new tag
Caveats
  • Supply blocks, unpowered buildings, or Contaminate may cause inaccurate times.
  • Supply counts are checked every 10 seconds.